 Dungeon Crawl Stone Soup version 0.14-a0-1721-g84c87b2 (webtiles) character file.

656 Kae the Insei (level 6, -2/47 HPs)
             Began as a Draconian Transmuter on Jan 2, 2014.
             Slain by a gnoll
             ... wielding a +0,+0 halberd
              (9 damage)
             ... on Level 4 of the Dungeon.
             The game lasted 00:07:24 (4338 turns).

Kae the Insei (Draconian Transmuter)                Turns: 4338, Time: 00:07:24

HP  -2/47        AC  7     Str 12      XL: 6   Next: 92%
MP  10/10        EV 12     Int 14      God:
Gold 162         SH  0     Dex 13      Spells:  1 memorised,  8 levels left

rFire  . . .     SeeInvis .       - Unarmed
rCold  . . .     Clarity  .     (armour unavailable)
rNeg   . . .     Conserve .     (no shield)
rPois  .         rCorr    .     (helmet restricted)
rElec  .         rRot     .     (no cloak)
SustAb . .       Spirit   .     (no gloves)
rMut   .         Warding  .     H - +0 pair of elf boots
Saprov . . .     Stasis   .     (no amulet)
                                (no ring)
                                (no ring)

@: glowing, slightly resistant to hostile enchantments, very unstealthy
A: unfitting armour, AC +6
a: no special abilities


You were on level 4 of the Dungeon.
You were hungry.

You visited 1 branch of the dungeon, and saw 4 of its levels.

You collected 162 gold pieces.

Inventory:

Missiles
 b - 65 arrows
 n - 9 poisoned arrows
 D - 3 arrows of dispersal
Armour
 H - a +0 pair of elven boots (worn)
Magical devices
 q - a wand of enslavement (9) {unknown}
 w - a wand of polymorph (14) {unknown}
Comestibles
 a - 2 bread rations
 j - a meat ration
 r - an apple
 s - 2 chokos
 z - a pear
Scrolls
 c - 2 scrolls of random uselessness {unknown}
 e - 6 scrolls of identify {unknown}
 f - a scroll of fog {unknown}
 g - 4 scrolls of remove curse {unknown}
 i - 4 scrolls of teleportation {unknown}
 k - 3 scrolls of enchant armour {unknown}
 p - a scroll of amnesia {unknown}
 t - a scroll of enchant weapon I {unknown}
 u - a scroll of fear {unknown}
 A - a scroll of blinking {unknown}
 E - a scroll of noise {unknown}
Jewellery
 o - an uncursed amulet of stasis {unknown}
 y - a +1 ring of dexterity {unknown}
Potions
 h - a potion of brilliance {unknown}
 l - a potion of cure mutation {unknown}
 m - a potion of flight {unknown}
 v - 2 potions of might {unknown}
 x - a potion of curing {unknown}
 B - a potion of agility {unknown}
 C - a potion of restore abilities {unknown}
Books
 d - a book of Changes

   Spells                             Type                      Level
   *Beastly Appendage                 Transmutation                1
   Sticks to Snakes                   Transmutation                2
   Spider Form                        Transmutation/Poison         3
   Ice Form                           Ice/Transmutation            4
   Blade Hands                        Transmutation                5


   Skills:
 - Level 1.1 Fighting
 - Level 1.7 Dodging
 * Level 6.6 Unarmed Combat
 - Level 2.0 Spellcasting
 + Level 4.6 Transmutations


You had 8 spell levels left.
You knew the following spells:

 Your Spells              Type           Power        Failure   Level  Hunger
a - Beastly Appendage     Trmt           ##....       3%          1    ##.....


Dungeon Overview and Level Annotations

Branches:
Dungeon (4/16)
 Temple: D:4-7

Altars:


Message History

The gnoll seems to speed up.
All of the chunks of flesh in your inventory have completely rotted away.
The gnoll shaman calls upon its god to speed up something.
The gnoll shaman calls upon its god to speed up the gnoll shaman.
The gnoll shaman seems to speed up.
The gnoll completely misses you.
You see here a jackal skeleton.
The gnoll barely misses you.
You see here an uncursed spear.
Things that are here:
a runed flail; a whip; a leather armour The gnoll hits you but does no damage.
A gnoll comes into view. It is wielding a halberd.
The gnoll shouts!
The gnoll shouts!
The gnoll barely misses you. The gnoll closely misses you.
A quokka comes into view.
The gnoll barely misses you.
The gnoll hits you from afar with a halberd!
You die...

.#.# #..#########..# .#.#
#.............# .#.#
#.........)...#
.#.#######.............#
.#.....................##########
.#..........................>....
.#.................g.......######
.#................gg..####.#....#
##.....>.....r..@gK...# #.#....#
............)########g# #.#....#
.............# #.# #[#....'
...#######...# #.# #.#....# ...#
#...# #g# #.#....# ...# #...# #g#
#.#....# ...# #...# #g# #.#....#
...# #...# #.# #.###### ...#
#...# #g####.......


You could see 2 gnoll shamans, 3 gnolls, a quokka and a kobold.

Vanquished Creatures
  A crimson imp (D:3)
  An orc priest (D:3)
  An orc wizard (D:3)
  A scorpion (D:4)
  2 gnoll shamans (D:4)
  A worker ant (D:4)
  12 gnolls
  4 adders
  2 giant mites (D:4)
  2 worms (D:4)
  A giant eyeball (D:4)
  6 giant geckos
  An ooze (D:4)
  4 orcs (D:3)
  2 ball pythons (D:4)
  A bat skeleton (D:4)
  9 goblins
  9 hobgoblins
  17 jackals
  11 kobolds
  2 quokkas (D:2)
  6 bats
  2 giant cockroaches
  7 giant newts
  A goblin skeleton (D:4)
  12 rats
118 creatures vanquished.

Notes
Turn   | Place    | Note
--------------------------------------------------------------
     0 | D:1      | Kae, the Draconian Transmuter, began the quest for the Orb.
     0 | D:1      | Reached XP level 1. HP: 16/16 MP: 3/3
   412 | D:1      | Reached XP level 2. HP: 21/23 MP: 4/4
   645 | D:1      | Reached XP level 3. HP: 20/28 MP: 6/6
   779 | D:2      | Reached skill level 4 in Unarmed Combat
  1564 | D:3      | Reached XP level 4. HP: 27/35 MP: 5/7
  2192 | D:3      | Reached skill level 5 in Unarmed Combat
  2192 | D:3      | Reached XP level 5. HP: 37/40 MP: 7/9
  3201 | D:4      | Reached XP level 6. HP: 31/47 MP: 10/10
  3352 | D:4      | HP: 2/47 [poisoned by a kobold]
  3516 | D:4      | Reached skill level 6 in Unarmed Combat
  3900 | D:4      | HP: 1/47 [gnoll/uncursed spear (4)]
  4303 | D:4      | HP: 2/47 [gnoll/club (3)]
  4338 | D:4      | Slain by a gnoll

Action                   |  1- 3 |  4- 6 || total
-------------------------+-------+-------++-------
Melee: Unarmed           |   182 |   290 ||   472
 Cast: Beastly Appendage |    11 |    31 ||    42
  Use: Potion            |     1 |     4 ||     5
 Stab: Sleeping          |     1 |       ||     1
